 Dungeon Crawl Stone Soup version 0.32-a0-468-g38b2580584 (webtiles) character file.

Game seed: 4808337421675811312

19278 Dirtsage the Mimic (level 12, -7/87 HPs)
             Began as an Octopode Shapeshifter on Feb 15, 2024.
             Was an Elder of the Shining One.
             Mangled by an ice beast (10 damage)
             ... summoned by an ice statue
             ... in an ice cave on Feb 24, 2024.
             The game lasted 00:30:25 (9976 turns).

Dirtsage the Mimic (Octopode Shapeshifter)          Turns: 9976, Time: 00:30:25

Health: -7/87      AC:  1    Str: 14    XL:     12   Next: 67%
Magic:  21/21      EV: 25    Int: 17    God:    the Shining One [****..]
Gold:   859        SH:  0    Dex: 28    Spells: 11/11 levels left

rFire   + .          .
                       - Unarmed
rCold   . . .        (shield currently unavailable)
rNeg    + + .        (helmet restricted)
rPois   +            E - amulet of regeneration
rElec   .            S - ring of see invisible
rCorr   +            r - +6 ring of dexterity
SInv    +            D - ring of magical power
Will    +....        P - ring of poison resistance
Stlth   ++           F - ring of protection from fire
HPRegen 1.14/turn    Q - ring "Vuakhleyd" {rCorr Int+5 Dex+6}
MPRegen 0.17/turn    g - ring of willpower
                     (no ring)

%: no passive effects
@: flux-form, glowing, studying Long Blades
A: glow, contaminating, almost no armour, amphibious, 8 rings, camouflage 1,
gelatinous body 1, (nimble swimmer 1), tentacles
a: Begin Untransformation, Renounce Religion, Divine Shield, Cleansing Flame


You were in an ice cave.
You worshipped the Shining One.
The Shining One was greatly pleased with you.
You were something dangerously unstable.
You visited 2 branches of the dungeon, and saw 12 of its levels.
You also visited: Bailey and Ice Cave.

You collected 1534 gold pieces.
You spent 675 gold pieces at shops.

Inventory:

Missiles
 l - a throwing net
Magical Staves
 u - a staff of fire
Jewellery
 g - a ring of willpower (on tentacle)
 r - a +6 ring of dexterity (right tentacle)
 D - a ring of magical power (on tentacle)
 E - an amulet of regeneration (around mantle)
 F - a ring of protection from fire (on tentacle)
 P - a ring of poison resistance (on tentacle)
 Q - the ring "Vuakhleyd" (on tentacle) {rCorr Int+5 Dex+6}
   (You found it on level 9 of the Dungeon)

   [ring of dexterity]

   Int+5:     It affects your intelligence (+5).
   Dex+6:     It affects your dexterity (+6).
   rCorr:     It protects you from acid and corrosion.
 S - a ring of see invisible (left tentacle)
Talismans
 b - a beast talisman
 c - a flux talisman (active)
 x - a storm talisman
Wands
 s - a wand of iceblast (2)
 A - a wand of acid (5)
 B - a wand of flame (8) (quivered)
 M - a wand of mindburst (16)
Scrolls
 d - 3 scrolls of enchant armour
 f - 3 scrolls of summoning
 h - a scroll of noise {unknown}
 j - a scroll of amnesia {unknown}
 k - a scroll of immolation
 m - a scroll of poison {unknown}
 n - 10 scrolls of enchant weapon
 p - a scroll of revelation
 t - 4 scrolls of teleportation
 y - a scroll of torment {unknown}
 z - a scroll of fog {unknown}
 N - 2 scrolls of vulnerability
 O - a scroll of silence {unknown}
 R - a scroll of blinking {unknown}
Potions
 a - 2 potions of lignification
 e - 2 potions of haste {unknown}
 o - 2 potions of ambrosia
 q - 3 potions of curing
 v - 3 potions of invisibility {unknown}
 w - 3 potions of brilliance
 C - 6 potions of heal wounds {unknown}
 G - 2 potions of resistance {unknown}
 H - 3 potions of enlightenment {unknown}
 I - 3 potions of cancellation
 J - 3 potions of mutation {unknown}
 K - 2 potions of might {unknown}
 L - a potion of attraction


   Skills:
 + Level 9.7 Fighting
 - Level 8.0 Dodging
 + Level 10.2 Unarmed Combat
 * Level 12.8 Shapeshifting


You had 11 spell levels left.
You didn't know any spells.
Your spell library contained the following spells:

 Spells                   Type           Power      Damage    Failure   Level
 Freeze                   Ice            0%         1d3       24%         1
 Magic Dart               Conj           0%         1d3       24%         1
 Slow                     Hex            0%         N/A       24%         1
 Blink                    Tloc           0%         N/A       34%         2
 Call Imp                 Summ           0%         N/A       34%         2
 Ensorcelled Hibernation  Hex/Ice        0%         N/A       34%         2
 Lesser Beckoning         Tloc           0%         N/A       34%         2
 Momentum Strike          Conj/Tloc      0%         3d8       34%         2
 Static Discharge         Conj/Air       0%         3-3/arc   34%         2
 Confusing Touch          Hex            0%         N/A       56%         3
 Frozen Ramparts          Ice            0%         1d1       56%         3
 Hailstorm                Conj/Ice       0%         3d5       56%         3
 Passwall                 Erth           0%         N/A       56%         3
 Sigil of Binding         Hex            0%         N/A       56%         3
 Swiftness                Air            0%         N/A       56%         3
 Vampiric Draining        Necr           0%         2d6       56%         3
 Airstrike                Air            0%         2d(0-16)  93%         4
 Summon Lightning Spire   Summ/Air       0%         N/A       93%         4
 Vhi's Electric Charge    Tloc/Air       0%         N/A       93%         4
 Arcjolt                  Conj/Air       0%         1d10      100%        5
 Lee's Rapid Deconstruct  Erth           0%         3d4*      100%        5
 Summon Mana Viper        Hex/Summ       0%         N/A       100%        5
 Plasma Beam              Fire/Air       0%         2x1d10    100%        6
 Summon Cactus Giant      Summ           0%         N/A       100%        6
 Animate Armour           Summ/Erth      Unusable   N/A       N/A         4

Dungeon Overview and Level Annotations

Branches:
Dungeon (11/15)            Temple (1/1) D:6             Orc (0/2) D:10
 Bailey (visited)           IceCv (1/1)
   Lair: D:8-11

Altars:
Ashenzari
Cheibriados
Dithmenos
Elyvilon
Fedhas
Gozag
Hepliaklqana
Kikubaaqudgha
Makhleb
Nemelex Xobeh
Okawaru
Qazlal
Ru
Sif Muna
Trog
Uskayaw
Vehumet
Wu Jian
Xom
Yredelemnul
Zin
The Shining One

Shops:
D:1 (   D:3 :   D:6 =

Annotations:
D:6 3 runed translucent doors, Crazy Yiuf; Winter's ghost, novice MiFi IceCv exclusion: ice statue


Innate Abilities, Weirdness & Mutations

You are something dangerously unstable.
You glow with magical radiation, making you easy to see and hit.
Foes you strike become dangerously contaminated with magical radiation.
You are incapable of wielding weapons or throwing items.
You cannot wear most types of armour.
You are amphibious.
You can wear up to eight rings at the same time.
Your skin changes colour to match your surroundings (Stealth+).
Your rubbery body absorbs attacks. (AC +1, EV +1)
((You are camouflaged when in or above water. (Stealth+)))
You have tentacles for arms and can constrict up to eight enemies at once.


Message History

The ice statue shudders as magic cascades through it!!!
You squeeze the ice statue.
The ice statue is severely damaged.
The ice statue gestures at you. The freezing blast misses you.
You tentacle-slap the ice statue.
The ice statue begins to glow.
The ice statue is severely damaged.
You are engulfed in freezing vapours.
The ice beast completely misses you.
You take 10 damage, and have 77/87 hp.
You tentacle-slap the ice statue.
The ice statue glows dangerously bright.
You squeeze the ice statue, but do no damage.
The ice statue is severely damaged.
You are engulfed in freezing vapours.
The ice beast misses you.
You take 15 damage, and have 62/87 hp.
You tentacle-slap the ice statue but do no damage.
The ice statue shudders as magic cascades through it!
You squeeze the ice statue, but do no damage.
The ice statue is almost destroyed.
You are engulfed in freezing vapours.
The ice statue gestures.
The ice beast completely misses you.
You take 18 damage, and have 44/87 hp.
MASSIVE DAMAGE!!
You tentacle-slap the ice statue but do no damage.
The ice statue begins to glow.
The ice statue is almost destroyed.
You are engulfed in freezing vapours.
The ice statue gestures at you. The freezing blast engulfs you!!
* * * LOW HITPOINT WARNING * * *
You take 34 damage, and have 10/87 hp.
MASSIVE DAMAGE!!
The ice beast hits you.
* * * LOW HITPOINT WARNING * * *
The ice beast freezes you!
* * * LOW HITPOINT WARNING * * *
You take 9 damage, and have 1/87 hp.
You feel better. The ice beast hits you.
* * * LOW HITPOINT WARNING * * *
The ice beast freezes you!
You die...

##### #####...##
# ##........##
#. ##..........#
...#..........##
...............#
#.....°°.....#
#..YY°.....#
###I#p...#.#
####..#### #..##
##..## ##..#
##...# ##...##
#...## #...##


You could see 2 ice beasts.

Vanquished Creatures
  Erica (D:11)
  A centaur warrior (D:9)
  A boulder beetle (D:9)
  2 two-headed ogres
  Pikel (D:4)
  An orc knight (Bailey)
  2 cyclopes (D:11)
  5 centaur zombies (D:10)
  An ice statue (IceCv)
  2 unseen horror zombies (D:10)
  2 rime drakes (D:11)
  An ice devil (IceCv)
  An unseen horror skeleton (D:10)
  Prince Ribbit (D:8)
  2 hornets (D:10)
  Sigmund (D:4)
  2 wraiths (D:9)
  17 yaks
  A shadow (D:11)
  A wyvern (D:10)
  Eustachio (D:4)
  2 steam dragons
  14 orc warriors
  An ice beast (D:7)
  A black bear (D:8)
  3 ogres
  A centaur (D:10)
  3 lemures (D:4)
  A phantom (D:5)
  2 kobold brigands
  5 bullfrogs
  2 two-headed ogre simulacra (IceCv)
  2 burial acolytes (D:10)
  15 wights
  2 elephant simulacra (IceCv)
  20 killer bees
  A howler monkey (D:7)
  A crimson imp (D:7)
  5 bombardier beetles
  8 hounds
  A human zombie (D:10)
  2 jellies
  A centaur skeleton (D:10)
  6 orc priests
  5 iguanas
  A sleepcap (D:7)
  Natasha (thrice) (D:3)
  9 orc wizards
  A spriggan simulacrum (IceCv)
  3 adders
  A naga simulacrum (IceCv)
  A shadow imp (D:8)
  5 white imps
  2 ufetubi (D:7)
  2 dart slugs
  A ribbon worm (D:3)
  53 orcs
  8 ball pythons
  7 bats
  11 endoplasms
  2 giant cockroaches
  8 goblins
  10 hobgoblins
  6 jackals
  19 kobolds
  3 quokkas
  2 frilled lizards
  3 rats
312 creatures vanquished.

Vanquished Creatures (collateral kills)
  A rakshasa (D:9)
  An ugly thing (D:9)
  A manticore (D:9)
  A howler monkey (D:9)
4 creatures vanquished.

Grand Total: 316 creatures vanquished

Notes
Turn   | Place    | Note
-------+----------+-------------------------------------------
     0 | D:1      | Dirtsage the Octopode Shapeshifter began the quest for the
                  | Orb.
     0 | D:1      | Reached XP level 1. HP: 13/13 MP: 1/1
   121 | D:1      | Reached XP level 2. HP: 18/18 MP: 2/2
   177 | D:1      | Found Xaariqes's Antique Weapon Emporium.
   407 | D:1      | Reached XP level 3. HP: 19/23 MP: 3/3
   907 | D:2      | You fall into a shaft and drop 2 floors!
   956 | D:4      | Reached XP level 4. HP: 19/29 MP: 4/4
  1081 | D:4      | Upgraded the game from 0.32-a0-314-g526f7d4993 to
                  | 0.32-a0-468-g38b2580584
  1584 | D:2      | Reached skill level 4 in Shapeshifting
  1584 | D:2      | Reached XP level 5. HP: 30/34 MP: 5/5
  2066 | D:3      | Noticed Natasha
  2075 | D:3      | Killed Natasha
  2226 | D:3      | Reached XP level 6. HP: 37/41 MP: 6/6
  2413 | D:3      | Found Buemm's Book Shop.
  2520 | D:3      | Noticed Natasha
  2527 | D:3      | Killed Natasha
  2668 | D:3      | Noticed Natasha
  2672 | D:3      | Killed Natasha
  2933 | D:4      | Reached skill level 5 in Shapeshifting
  2940 | D:4      | Noticed Sigmund
  2952 | D:4      | Killed Sigmund
  2953 | D:4      | Reached XP level 7. HP: 38/46 MP: 7/7
  3145 | D:4      | Noticed Pikel
  3195 | D:4      | Killed Pikel
  3196 | D:4      | Reached skill level 5 in Unarmed Combat
  3196 | D:4      | Reached skill level 6 in Shapeshifting
  3196 | D:4      | Reached XP level 8. HP: 42/54 MP: 8/8
  3221 | D:4      | Noticed Eustachio
  3250 | D:4      | Killed Eustachio
  3468 | D:4      | Identified a scroll of acquirement
  3486 | D:5      | Entered Level 5 of the Dungeon
  3844 | D:5      | Reached skill level 5 in Dodging
  4162 | D:5      | Reached skill level 7 in Shapeshifting
  4289 | D:5      | Reached XP level 9. HP: 60/60 MP: 9/9
  4487 | D:5      | Reached skill level 5 in Fighting
  4518 | D:5      | Found a blossoming altar of Fedhas.
  4710 | D:6      | Found a staircase to the Ecumenical Temple.
  4720 | Temple   | Entered the Ecumenical Temple
  4729 | Temple   | Became a worshipper of the Shining One
  4847 | D:6      | Found a basalt altar of Yredelemnul.
  4851 | D:6      | Found a radiant altar of Vehumet.
  4851 | D:6      | Found a hide-covered altar of Uskayaw.
  4851 | D:6      | Found an iron altar of Okawaru.
  4976 | D:6      | Found Hikom's Jewellery Shop.
  4983 | D:6      | Acquired 888 gold pieces
  4985 | D:6      | Bought a ring of poison resistance for 300 gold pieces
  4985 | D:6      | Bought a ring of protection from fire for 375 gold pieces
  5201 | D:6      | Found a runed translucent door.
  5202 | D:6      | Noticed Crazy Yiuf
  5382 | D:6      | Found a large runed translucent door.
  5382 | D:6      | Found a large runed translucent door.
  5385 | D:6      | Noticed Winter's ghost (novice MiFi)
  5863 | D:7      | Found a flagged portal.
  5894 | Bailey   | Entered a bailey
  5908 | Bailey   | Reached skill level 8 in Shapeshifting
  6219 | Bailey   | Reached XP level 10. HP: 56/68 MP: 10/10
  6295 | Bailey   | Noticed an orc knight
  6313 | Bailey   | Killed an orc knight
  6314 | Bailey   | Reached skill level 9 in Shapeshifting
  6586 | D:7      | Reached * piety under the Shining One
  6832 | D:8      | Identified the +3 leather armour of the Lair of Beasts
                  | {Harm Will+}
  7071 | D:8      | Noticed Prince Ribbit
  7099 | D:8      | Killed Prince Ribbit
  7212 | D:8      | Reached skill level 10 in Shapeshifting
  7215 | D:8      | Reached XP level 11. HP: 73/75 MP: 11/11
  7330 | D:8      | Found a stormy altar of Qazlal.
  7456 | D:9      | Reached ** piety under the Shining One
  7458 | D:9      | Noticed a two-headed ogre
  7470 | D:10     | Entered Level 10 of the Dungeon
  7745 | D:9      | Killed a two-headed ogre
  8061 | D:9      | Noticed a rakshasa
  8063 | D:9      | Noticed a centaur warrior
  8063 | D:9      | Noticed a green ugly thing
  8067 | D:9      | Noticed a green ugly thing
  8074 | D:9      | Killed a rakshasa
  8082 | D:9      | Killed a white ugly thing
  8090 | D:9      | Killed a centaur warrior
  8091 | D:9      | Reached skill level 11 in Shapeshifting
  8091 | D:9      | Noticed a manticore
  8091 | D:9      | Reached *** piety under the Shining One
  8103 | D:9      | Killed a manticore
  8127 | D:9      | Noticed a boulder beetle
  8139 | D:9      | Killed a boulder beetle
  8146 | D:9      | Identified the ring "Vuakhleyd" {rCorr Int+5 Dex+6}
  8149 | D:9      | Got the Encyclopedia of Marshalled Ill Luck
  8896 | D:10     | Found a staircase to the Orcish Mines.
  8912 | D:10     | Reached XP level 12. HP: 84/84 MP: 12/12
  9020 | D:10     | Noticed a two-headed ogre
  9032 | D:10     | Killed a two-headed ogre
  9128 | D:10     | Reached skill level 12 in Shapeshifting
  9141 | D:10     | Found an ancient bone altar of Kikubaaqudgha.
  9226 | D:10     | Reached **** piety under the Shining One
  9410 | D:10     | Found an ancient bone altar of Kikubaaqudgha.
  9573 | D:11     | Noticed a boulder beetle
  9622 | D:11     | Noticed Erica
  9629 | D:11     | Killed Erica
  9642 | D:11     | Reached skill level 10 in Unarmed Combat
  9723 | D:11     | Found a frozen archway.
  9761 | IceCv    | Entered an ice cave
  9975 | IceCv    | HP: 1/87 [ice beast[an ice statue] (7)]
  9976 | IceCv    | Mangled by an ice beast

Illustrated notes

Levels and vault maps discovered:
D:1:      minmay_arrival_widening_spiral_wide, layout_basic, serial_shops,
          nicolae_shop_tiny_glass
D:2:      layout_basic
D:3:      layout_loops_cross, serial_shops, nicolae_shop_advertising_works
          [nicolae_subvault_shop_adworks], minmay_misc_feat_doors, uniq_natasha
D:4:      layout_gridville, nrook_mini_vaults, uniq_sigmund, uniq_pikel,
          uniq_eustachio
D:5:      layout_loops_ring, kennysheep_little_box, grunt_tough_drop
D:6:      layout_loops_ring, grunt_temple_overflow_open,
          minmay_temple_entry_arrows, ebering_ghost_disaster_area, serial_shops,
          shop, uniq_crazy_yiuf_cottage
D:7:      layout_gridville, enter_bailey_4, minmay_fire_ice_demons
D:8:      layout_basic, nicolae_qazlal_scattered_showers, grunt_ministairs_2,
          minmay_door_square, uniq_prince_ribbit1
D:9:      minmay_shrinking_squares, layout_basic
D:10:     layout_basic, lemuel_mausoleum_altar_kikubaaqudgha, david_orc_2,
          serial_glass, glass_columns_b, glass_columns_b,
          kennysheep_small_circle
D:11:     layout_long_grid, erik_lair_dragon, portal_ice_cave_rime,
          enter_trove_3, uniq_erica
Temple:   hellmonk_temple_of_storms
IceCv:    ice_cave_small_demon

Skill      XL: |  1  2  3  4  5  6  7  8  9 10 11 12 |
---------------+-------------------------------------+-----
Fighting       | 2 3 4 6 7 8 9 |  9.7
Shapeshifting  | 4 5 6 7 8 10 11 12 | 12.8
Dodging        | 3 4 5 6 7 8 |  8.0
Unarmed Combat | 4 5 6 8 9 10 | 10.2

Action                     |  1- 3 |  4- 6 |  7- 9 | 10-12 || total
---------------------------+-------+-------+-------+-------++-------
  Melee: Unarmed           |    42 |   144 |   190 |   514 ||   890
         Tentacles         |    12 |    26 |    66 |   185 ||   289
         Constrict         |     6 |    36 |    51 |    88 ||   181
         Punch             |       |     5 |     1 |       ||     6
 Invoke: Divine Shield     |       |       |       |     1 ||     1
  Evoke: Wand              |       |       |    16 |    18 ||    34
    Use: Scroll            |       |     1 |     8 |    10 ||    19
         Potion            |       |       |     1 |     2 ||     3
   Stab: Sleeping          |     7 |    13 |       |       ||    20
 Armour: Skin              |    11 |    44 |    63 |   140 ||   258
  Dodge: Dodged            |    21 |    87 |   129 |   413 ||   650
  Block: Other             |       |       |       |     2 ||     2
   Form: Flux              |       |       |     1 |       ||     1

Table legend: (Time is in decaauts)
 A = Elapsed time spent in this place.
 B = Non-inter-level travel time spent in this place.
 C = Inter-level travel time spent in this place.
 D = Time resting spent in this place.
 E = Time spent auto-exploring this place.
 F = Levels seen in this place.
 G = Mean time per level.
                   A        B        C        D        E       F      G
               +--------+--------+--------+--------+--------+-----+--------+
         Total |   9869 |   9556 |    313 |    173 |   6656 |  14 |  704.9 |
       Dungeon |   9156 |   8851 |    305 |    112 |   6473 |  11 |  832.4 |
        Temple |     18 |     10 |      8 |      0 |      0 |   1 |   18.0 |
        Bailey |    488 |    488 |      0 |      0 |    182 |   1 |  488.0 |
      Ice Cave |    205 |    205 |      0 |     61 |      0 |   1 |  205.0 |
               +--------+--------+--------+--------+--------+-----+--------+

Top non-repeatable levels by time:
    D:10: 1195 daAuts
     D:4: 1141 daAuts
     D:5: 1114 daAuts
     D:9: 993 daAuts
     D:7: 825 daAuts
     D:1: 823 daAuts
     D:6: 784 daAuts
     D:3: 774 daAuts
     D:2: 731 daAuts
     D:8: 648 daAuts
  Bailey: 488 daAuts
   IceCv: 205 daAuts
    D:11: 122 daAuts
  Temple: 18 daAuts
